 Dungeon Crawl Stone Soup version 0.30.1-11-g7821555f0a (webtiles) character file.

Game seed: 4220074276176106800

1558 KittyFluff the Protected (level 8, -2/76 HPs)
             Began as a Gargoyle Berserker on Nov 4, 2023.
             Was an Elder of Trog.
             Slain by Eustachio
             ... wielding a +0 falchion
              (12 damage)
             ... on level 4 of the Dungeon.
             The game lasted 00:22:35 (4770 turns).

KittyFluff the Protected (Gargoyle Berserker)       Turns: 4770, Time: 00:22:36

Health: -2/76      AC:  0    Str: 23    XL:     8   Next: 89%
Magic:  8/8        EV: 14    Int:  8    God:    Trog [****..]
Gold:   157        SH:  0    Dex:  9    Spells: 7/7 levels left

rFire   . . .        a - melded +0 mace
rCold   . . .        (shield currently unavailable)
rNeg    + . .        x - melded +2 robe {Will+}
rPois   ∞            t - melded +2 helmet
rElec   .            c - melded +0 cloak
rCorr   .            (gloves currently unavailable)
SInv    .            k - melded +0 pair of boots
Will    .....        (no amulet) Stlth
                     (ring currently unavailable)
HPRegen 0.32/turn    (ring currently unavailable)
MPRegen 0.11/turn

%: no passive effects
@: berserking, pig-form, studying Armour, very quick
A: fast, no casting, sickness immunity, AC +5, small, negative energy resistance
1, (electricity resistance), torment resistance 1, petrification resistance
a: Renounce Religion, Berserk, Trog's Hand, Brothers in Arms


You were on level 4 of the Dungeon.
You worshipped Trog.
Trog was greatly pleased with you.
You were a filthy swine.
You visited 1 branch of the dungeon, and saw 4 of its levels.
You also visited: Ossuary.

You collected 157 gold pieces.

Inventory:

Hand Weapons
 a - a +0 mace (melded)
 p - a +0 sling of freezing
 y - a +2 whip of electrocution
 B - a +0 sling of flaming
Missiles
 m - 7 poisoned darts (quivered)
 n - 2 datura-tipped darts
 s - 3 boomerangs
Armour
 c - a +0 cloak (melded)
 d - a +0 ring mail
 k - a +0 pair of boots (melded)
 t - a +2 helmet (melded)
 x - a +2 robe of willpower (melded)
Jewellery
 g - an amulet of faith
Scrolls
 f - 2 scrolls of enchant armour {unknown}
 h - 4 scrolls of magic mapping {unknown}
 i - a scroll of identify
 j - a scroll of brand weapon {unknown}
 o - 3 scrolls of enchant weapon {unknown}
 r - a scroll of fear
 u - a scroll of immolation
 v - a scroll of blinking
 w - 3 scrolls of teleportation {unknown}
Potions
 b - 2 potions of cancellation
 e - 4 potions of curing
 l - a potion of mutation
 q - a potion of berserk rage
 z - 2 potions of haste {unknown}
 A - a potion of flight {unknown}


   Skills:
 + Level 6.1 Fighting
 * Level 7.4 Maces & Flails
 * Level 10.5 Armour
 - Level 2.0 Dodging


You had 7 spell levels left.
You didn't know any spells.
Your spell library was empty.

Dungeon Overview and Level Annotations

Branches:
Dungeon (4/15)            Ossuary (visited)
 Temple: D:4-7

Altars:

Annotations:
D:4 Eustachio


Innate Abilities, Weirdness & Mutations

You are a filthy swine.
You move quickly.
Your equipment is almost entirely melded.
You are incapable of wielding weapons or throwing items.
You cannot cast spells.
You are immune to sickness and miasma.
((Your stone body is resilient. (AC +5)))
You are immune to poison.
You resist negative energy. (rN+)
((You are resistant to electric shocks. (rElec)))
You are resistant to unholy torment.
You are immune to petrification.


Message History

Eustachio hits you but does no damage. The kobold barely misses you.
You hit Eustachio.
Eustachio is moderately wounded.
The quokka misses you. The river rat bites you. The quokka closely misses you.
The white imp hits you but does no damage.
Eustachio screams, "This atrocity can only be purified with blood!"
Eustachio zaps a wand.
You resist with almost no effort. The kobold hits you but does no damage.
The quokka misses you.
You hit Eustachio.
Eustachio is moderately wounded.
The ufetubus disappears in a puff of smoke!
The quokka barely misses you.
The river rat bites you but does no damage.
The white imp hits you but does no damage.
Eustachio zaps a wand.
You turn into a filthy swine.
Your +0 mace melds into your body.
Your +0 cloak melds into your body.
Your +2 helmet melds into your body.
Your +0 pair of boots melds into your body.
Your +2 robe of willpower melds into your body.
You feel less strong-willed. The kobold closely misses you.
The quokka bites you. The quokka barely misses you.
You closely miss Eustachio.
Eustachio is moderately wounded.
The river rat closely misses you. The white imp gestures at you.
The puff of frost hits you! The quokka misses you.
Eustachio completely misses you.
The kobold hits you with a +0 short sword.
* * * LOW HITPOINT WARNING * * *
The quokka misses you.
A red film seems to cover your vision as you go berserk!
You feel yourself moving faster!
You feel mighty! The river rat misses you. The quokka closely misses you.
The white imp hits you.
* * * LOW HITPOINT WARNING * * *
The white imp freezes you.
* * * LOW HITPOINT WARNING * * *
The quokka bites you.
* * * LOW HITPOINT WARNING * * *
Eustachio hits you with a +0 falchion!
You die...

+...# #. #...# ..#...#
.#.... '...# #...#
#...# #.K)#######
#§rhrb.....
#.r5@......
#..5.......
#.......##.
##############.....:.#
....[................#
.....................#
.....................#
###########..####....#


You could see Eustachio, a river rat (summoned), a white imp (summoned), an
ufetubus (summoned), 2 quokkas, a bat (summoned) and a kobold.

Vanquished Creatures
  Pikel (D:4)
  Grinder (D:3)
  Sigmund (D:3)
  Duvessa (D:4)
  An ogre (D:4)
  2 lemures (D:4)
  The ghost of Psyclone the Conjurer, an amateur DECj (D:3)
  A bullfrog (D:4)
  A scorpion (D:4)
  Dowan (D:4)
  A human zombie (Ossuary)
  Natasha (twice) (D:4)
  An orc wizard (D:4)
  3 mummies
  Robin (D:3)
  4 gnolls (D:4)
  3 adders
  2 adder zombies (Ossuary)
  2 worms
  A dart slug (D:3)
  4 orcs (D:4)
  5 bats
  9 endoplasms
  4 giant cockroaches
  16 goblins
  11 hobgoblins
  3 jackals (D:1)
  8 kobolds
  4 quokkas
  9 ball pythons
  6 frilled lizards
  3 goblin zombies
  12 hobgoblin zombies
  3 jackal zombies (Ossuary)
  13 kobold zombies (Ossuary)
  2 orc zombies (Ossuary)
  9 rats
  3 rat zombies (Ossuary)
155 creatures vanquished.

Notes
Turn   | Place    | Note
-------+----------+-------------------------------------------
     0 | D:1      | KittyFluff the Gargoyle Berserker began the quest for the
                  | Orb.
     0 | D:1      | Reached XP level 1. HP: 14/14 MP: 1/1
    57 | D:1      | You fall into a shaft and drop 1 floor!
   169 | D:1      | Reached XP level 2. HP: 18/19 MP: 2/2
   997 | D:2      | Reached ** piety under Trog
   998 | D:2      | Reached skill level 3 in Armour
   998 | D:2      | Reached XP level 3. HP: 23/23 MP: 3/3
  1274 | D:2      | Reached XP level 4. HP: 19/29 MP: 4/4
  1830 | D:3      | Noticed Grinder
  1831 | D:3      | Paralysed by Grinder for 4 turns
  1939 | D:3      | Killed Grinder
  1940 | D:3      | Reached skill level 5 in Armour
  1940 | D:3      | Reached XP level 5. HP: 26/33 MP: 5/5
  1940 | D:3      | Reached XP level 6. HP: 30/38 MP: 6/6
  2149 | D:3      | Found a runed translucent door.
  2150 | D:3      | Noticed Psyclone's ghost (amateur DECj)
  2165 | D:3      | Noticed Robin
  2190 | D:3      | Reached *** piety under Trog
  2191 | D:3      | Reached skill level 6 in Armour
  2195 | D:3      | Killed Robin
  2256 | D:3      | Killed Psyclone's ghost
  2257 | D:3      | Reached skill level 5 in Maces & Flails
  2820 | D:3      | Noticed Sigmund
  2835 | D:3      | Killed Sigmund
  2836 | D:3      | Reached skill level 7 in Armour
  2836 | D:3      | Reached XP level 7. HP: 25/44 MP: 7/7
  3224 | D:4      | Reached skill level 5 in Fighting
  3326 | D:4      | Found a sand-covered staircase.
  3409 | Ossuary  | Entered an ossuary
  3627 | Ossuary  | Reached **** piety under Trog
  3686 | Ossuary  | Reached skill level 8 in Armour
  4099 | D:4      | Noticed Natasha
  4115 | D:4      | Killed Natasha
  4154 | D:4      | Noticed Duvessa
  4154 | D:4      | Noticed Dowan
  4173 | D:4      | Killed Dowan
  4174 | D:4      | Reached XP level 8. HP: 46/49 MP: 8/8
  4177 | D:4      | Killed Duvessa
  4298 | D:4      | Reached skill level 9 in Armour
  4509 | D:4      | Noticed Pikel
  4548 | D:4      | Killed Pikel
  4549 | D:4      | Reached skill level 10 in Armour
  4742 | D:4      | Noticed Natasha
  4749 | D:4      | Noticed Eustachio
  4757 | D:4      | Killed Natasha
  4770 | D:4      | Slain by Eustachio

Illustrated notes

Levels and vault maps discovered:
D:1:      lemuel_arrival_funnel, layout_basic, minmay_tromino_mix6
D:2:      layout_loops_ring, st_stairs_7, serial_park_tiny_pond,
          minmay_increasing_density
D:3:      layout_loops_corners, serial_rivers, chequers_serial_rivers_micro_e,
          chequers_serial_rivers_small_3, chequers_serial_rivers_large_a,
          chequers_serial_rivers_small_b, chequers_serial_rivers_large_b,
          gammafunk_ghost_grave, uniq_robin, uniq_grinder, uniq_sigmund
D:4:      minmay_chambers_of_fours, layout_basic, nicolae_ossuary_entry_giza,
          uniq_duvessa, uniq_eustachio, uniq_pikel, uniq_natasha

Skill      XL: |  1  2  3  4  5  6  7  8 |
---------------+-------------------------+-----
Armour         | 3 5 7 8 10 | 10.5
Dodging        | 2 |  2.0
Fighting       | 4 5 6 |  6.1
Maces & Flails | 4 5 6 7 |  7.4

Action                     |  1- 3 |  4- 6 |  7- 9 || total
---------------------------+-------+-------+-------++-------
  Melee: Mace              |   144 |   147 |   368 ||   659
         Punch             |     2 |     1 |     5 ||     8
         Unarmed           |       |       |     1 ||     1
  Throw: Dart              |       |     2 |     2 ||     4
 Invoke: Berserk           |       |     2 |     3 ||     5
    Use: Scroll            |     1 |       |     8 ||     9
         Potion            |       |       |     3 ||     3
   Stab: Sleeping          |     1 |       |       ||     1
 Armour: Animal skin       |    29 |       |       ||    29
         Leather armour    |    56 |    64 |     1 ||   121
         Robe              |       |       |   216 ||   216
  Dodge: Dodged            |   117 |    75 |   322 ||   514
